 Dungeon Crawl Stone Soup version 0.22-b1-26-g9dbaab1 (webtiles) character file.

9371 Gergoth the Destroyer (level 11, -8/61 HPs)
             Began as a Deep Elf Fire Elementalist on Aug 6, 2018.
             Was an Elder of Sif Muna.
             Mangled by a white ugly thing (29 damage)
             ... on level 11 of the Dungeon.
             The game lasted 00:27:38 (11404 turns).

Gergoth the Destroyer (Deep Elf Fire Elementalist) Turns: 11404, Time: 00:27:39

Health: -8/61      AC:  9    Str:  7    XL:     11   Next: 22%
Magic:  17/36      EV: 13    Int: 22    God:    Sif Muna [****..]
Gold:   691        SH:  5    Dex: 15    Spells: 17/30 levels left

rFire    . . .     SeeInvis .   a - +5 dagger of Wu Jian {drain, rPois MP+9}
rCold    . . .     Gourm    .   N - +0 buckler
rNeg     . . .     Faith    .   x - +1 robe {MR+}
rPois    +         Spirit   .   k - +2 helmet
rElec    .         Reflect  .   m - scarf {repulsion}
rCorr    .         Harm     .   (no gloves)
MR       ++...                  B - +2 pair of boots
Stlth    ++........             (no amulet)
HPRegen  0.20/turn              s - ring of fire (curse)
MPRegen  0.25/turn              I - ring of ice

@: divine energy, repel missiles
A: no striking features
a: Stop Divine Energy, Channel Magic, Forget Spell, Renounce Religion


You were on level 11 of the Dungeon.
You worshipped Sif Muna.
Sif Muna was greatly pleased with you.
You were not hungry.

You visited 2 branches of the dungeon, and saw 12 of its levels.
You also visited: Sewer.

You collected 691 gold pieces.

Inventory:

Hand Weapons
 a - the +5 dagger of Wu Jian (weapon) {drain, rPois MP+9}
   (You found it on level 4 of the Dungeon)

   A truly terrible weapon, it drains the life of those it strikes.
   It protects you from poison.
   It affects your magic capacity (+9).
 w - a +1 long sword
 P - the +1 quarterstaff of the Realm of Zot {crush, Str+5 Dex+2}
   (You found it on level 9 of the Dungeon)

   It inflicts extra damage upon your enemies.
   It affects your strength (+5).
   It affects your dexterity (+2).
Missiles
 J - a throwing net (quivered)
Armour
 k - a +2 helmet (worn)
 m - a scarf of repulsion (worn)
 x - a +1 robe of magic resistance (worn)
 B - a +2 pair of boots (worn)
 L - a +2 cloak
 N - a +0 buckler (worn)
Magical Staves
 j - an uncursed staff of poison {unknown}
 z - an uncursed staff of earth {unknown}
Jewellery
 q - an uncursed ring of stealth
 s - a cursed ring of fire (left hand)
 C - an uncursed ring of flight
 I - a ring of ice (right hand)
Wands
 o - a wand of flame (28)
 y - a wand of enslavement (14)
 D - a wand of scattershot (4)
 F - a wand of acid (21)
 O - a wand of iceblast (7)
Scrolls
 e - 3 scrolls of magic mapping
 r - 9 scrolls of remove curse
 t - a scroll of immolation
 A - a scroll of enchant armour
 E - 3 scrolls of identify
 G - a scroll of teleportation
 H - a scroll of amnesia
 K - a scroll of fog
Potions
 b - a potion of haste {unknown}
 d - 5 potions of curing
 f - 4 potions of heal wounds {unknown}
 g - a potion of invisibility {unknown}
 h - 3 potions of degeneration {unknown}
 i - a potion of brilliance {unknown}
 n - 3 potions of resistance {unknown}
 p - a potion of lignification {unknown}
 u - 2 potions of berserk rage {unknown}
 v - 5 potions of flight {unknown}
 M - a potion of mutation {unknown}
Comestibles
 c - 19 rations
 l - 13 chunks of flesh


   Skills:
 - Level 4.1 Fighting
 - Level 2.4 Dodging
 - Level 2.4 Stealth
 - Level 4.2 Shields
 - Level 10.0 Spellcasting
 - Level 10.1 Conjurations
 - Level 10.0 Fire Magic
 + Level 7.1 Invocations


You had 17 spell levels left.
You knew the following spells:

 Your Spells              Type           Power        Failure   Level  Hunger
a - Flame Tongue          Conj/Fire      #####        1%          1    None
b - Conjure Flame         Conj/Fire      ######..     1%          3    None
c - Sticky Flame          Conj/Fire      ######..     1%          4    ##.....
d - Fireball              Conj/Fire      ######....   2%          5    ####...

Your spell library contained the following spells:

 Spells                   Type           Power        Failure   Level  Hunger
 Throw Flame              Conj/Fire      ######       1%          2    None
 Inner Flame              Hex/Fire       #####...     2%          3    None


Dungeon Overview and Level Annotations

Branches:
Dungeon (11/15)            Temple (1/1) D:7            Lair (0/6) D:10
    Orc (0/2) D:10

Altars:
Ashenzari
Cheibriados
Dithmenos
Elyvilon
Fedhas
Gozag
Hepliaklqana
Kikubaaqudgha
Makhleb
Nemelex Xobeh
Okawaru
Qazlal
Ru
Sif Muna
Trog
Uskayaw
Vehumet
Wu Jian
Xom
Yredelemnul
Zin
The Shining One

Shops:
D:5 (   D:6 =

Annotations:
D:9 2 transporters, tyranidshit's ghost, novice DsAK


Message History

The white ugly thing burns!
The white ugly thing barely misses you.
Okay, then.
Evoke which item? (* to show all) (? for menu, Esc to quit)
Aiming: Scattershot
Press: ? - help, Shift-Dir - straight line, f/p - white ugly thing
Aim: a white ugly thing (lightly wounded, covered in liquid flames)
The burst of metal fragments hits the white ugly thing. x3
The white ugly thing is moderately wounded.
The white ugly thing burns!
The white ugly thing misses you.
Evoke which item? (* to show all) (? for menu, Esc to quit)
Aiming: Corrosive Bolt
Press: ? - help, Shift-Dir - straight line, f/p - white ugly thing
Aim: a white ugly thing (moderately wounded, covered in liquid flames)
The bolt of acid hits the white ugly thing.
The white ugly thing is splashed with acid.
The acid corrodes the white ugly thing!
The white ugly thing is severely wounded.
The white ugly thing burns!
The white ugly thing gores you. The white ugly thing freezes you!!
You die...

....# .....# ......
########### .....#
#.........####.....#
######.(.......##>.......
.....#..................#
....<#....[....#÷.)...###
.....#.........#@).).....
..............).u÷)......
.....).........#........#
.....#.........###...#.##
.....####..##### ....# ..
.....# #..# ....... #
#.#######..#####......#.
#.# #.......#.........# .
..# #.#####.......#.>..


You could see a white ugly thing (burning).

Vanquished Creatures
  An unseen horror (D:10)
  Pikel (D:9)
  Joseph (D:9)
  2 trolls
  A hornet (D:8)
  Prince Ribbit (D:6)
  4 hippogriffs
  Sigmund (D:3)
  Eustachio (D:6)
  A wyvern (D:10)
  5 yaks
  Menkaure (D:4)
  A hungry ghost (D:7)
  A water moccasin (D:10)
  A phantom (D:5)
  2 slaves (D:9)
  3 ice beasts
  An orc warrior (D:10)
  A meliai simulacrum (D:11)
  A black bear (D:6)
  5 ogres
  3 sky beasts
  An eye of draining (D:10)
  2 necrophages
  5 wolves
  3 centaurs
  Blork the orc (D:4)
  2 big kobolds
  5 bullfrogs
  3 scorpions
  3 wights (D:10)
  2 howler monkeys
  6 electric eels (D:10)
  2 centaur zombies
  3 crimson imps
  A quasit (D:5)
  2 jellies
  5 orc priests
  6 hounds
  A centaur skeleton (D:4)
  A bullfrog skeleton (D:2)
  Ijyb (D:5)
  4 iguanas
  5 orc wizards
  7 worker ants
  3 hound zombies
  5 gnolls
  16 adders
  2 river rats (Sewer)
  2 shadow imps
  2 oozes
  2 adder skeletons
  2 adder zombies
  3 worms
  4 dart slugs
  5 leopard geckos
  39 orcs
  4 bats
  5 giant cockroaches
  8 goblins
  9 hobgoblins
  6 jackals
  5 quokkas
  3 frilled lizards
  13 kobolds
  6 rats
254 creatures vanquished.

Vanquished Creatures (others)
  2 slaves (D:9)
  A crimson imp (D:9)
3 creatures vanquished.

Grand Total: 257 creatures vanquished

Notes
Turn   | Place    | Note
-------+----------+-------------------------------------------
     0 | D:1      | Gergoth the Deep Elf Fire Elementalist began the quest for the Orb.
     0 | D:1      | Reached XP level 1. HP: 10/10 MP: 6/6
   229 | D:1      | Reached XP level 2. HP: 15/15 MP: 5/8
  1005 | D:1      | Reached XP level 3. HP: 19/19 MP: 7/10
  1406 | D:2      | Found a burning altar of Makhleb.
  1416 | D:2      | Found a white marble altar of Elyvilon.
  1452 | D:2      | Reached XP level 4. HP: 24/24 MP: 4/12
  1602 | D:2      | Learned a level 3 spell: Conjure Flame
  1607 | D:2      | Learned a level 4 spell: Sticky Flame
  1975 | D:2      | Found a sacrificial altar of Ru.
  2204 | D:2      | Found a deep blue altar of Sif Muna.
  2299 | D:2      | Became a worshipper of Sif Muna the Loreminder
  2345 | D:3      | Reached XP level 5. HP: 23/28 MP: 7/14
  2361 | D:3      | Noticed Sigmund
  2385 | D:3      | Reached skill level 5 in Spellcasting
  2521 | D:3      | Found an iron altar of Okawaru.
  2604 | D:3      | Found a bloodstained altar of Trog.
  2666 | D:3      | Reached skill level 5 in Fire Magic
  2701 | D:3      | Killed Sigmund
  2701 | D:3      | Reached XP level 6. HP: 19/32 MP: 4/17
  2757 | D:3      | Found a glowing drain.
  2775 | Sewer    | Entered a sewer
  2790 | Sewer    | Reached * piety under Sif Muna
  3103 | Sewer    | Found a white marble altar of Elyvilon.
  3322 | D:4      | Reached XP level 7. HP: 36/36 MP: 14/18
  3338 | D:3      | Reached skill level 5 in Conjurations
  3523 | D:3      | Learned a level 5 spell: Fireball
  3629 | D:4      | Noticed Menkaure
  3634 | D:4      | Killed Menkaure
  3774 | D:4      | Reached ** piety under Sif Muna
  4138 | D:4      | Noticed Blork the orc
  4148 | D:4      | Killed Blork the orc
  4148 | D:4      | Reached XP level 8. HP: 41/41 MP: 12/19
  4171 | D:4      | Got a crude dagger
  4172 | D:4      | Identified the +5 dagger of Wu Jian {drain, rPois MP+9} (You found it on level 4 of the Dungeon)
  4718 | D:4      | Found a glowing golden altar of the Shining One.
  4914 | D:5      | Entered Level 5 of the Dungeon
  4973 | D:5      | Noticed Ijyb
  4980 | D:5      | Killed Ijyb
  5061 | D:5      | Found a hazy altar of Hepliaklqana.
  5169 | D:5      | Found Atilog's Antique Weapon Emporium.
  5820 | D:6      | Found an opulent altar of Gozag.
  5875 | D:6      | Noticed Prince Ribbit
  5883 | D:6      | Killed Prince Ribbit
  5920 | D:6      | Reached *** piety under Sif Muna
  6019 | D:6      | Noticed Eustachio
  6026 | D:6      | Killed Eustachio
  6026 | D:6      | Reached XP level 9. HP: 44/45 MP: 20/20
  6320 | D:6      | Found Qell's Jewellery Emporium.
  6573 | D:7      | Found a staircase to the Ecumenical Temple.
  6603 | Temple   | Entered the Ecumenical Temple
  6860 | D:7      | Reached skill level 10 in Fire Magic
  7137 | D:7      | Found an opulent altar of Gozag.
  7623 | D:8      | Reached skill level 10 in Conjurations
  7655 | D:8      | Found a sparkling altar of Nemelex Xobeh.
  7721 | D:8      | Reached **** piety under Sif Muna
  7990 | D:8      | Found a blossoming altar of Fedhas.
  8059 | D:8      | Reached XP level 10. HP: 50/50 MP: 25/25
  8577 | D:9      | Found a transporter.
  8578 | D:9      | Found a transporter.
  8582 | D:9      | Noticed tyranidshit's ghost (novice DsAK)
  8582 | D:9      | Noticed a two-headed ogre
  8582 | D:9      | Noticed a two-headed ogre
  8609 | D:9      | Reached skill level 1 in Fighting
  8679 | D:9      | Reached skill level 10 in Spellcasting
  8777 | D:9      | Noticed Pikel
  8877 | D:9      | Killed Pikel
  8959 | D:9      | Found a radiant altar of Vehumet.
  9056 | D:9      | Got a dazzling quarterstaff
  9057 | D:9      | Identified the +1 quarterstaff of the Realm of Zot {crush, Str+5 Dex+2} (You found it on level 9 of the Dungeon)
  9110 | D:9      | Noticed Joseph
  9118 | D:9      | Killed Joseph
  9118 | D:9      | Reached skill level 1 in Shields
  9297 | D:9      | Found a stormy altar of Qazlal.
  9297 | D:9      | Noticed a cyclops
  9446 | D:10     | Entered Level 10 of the Dungeon
  9899 | D:10     | Reached skill level 1 in Invocations
 10076 | D:10     | Found a staircase to the Lair.
 10603 | D:10     | Noticed an unseen horror
 10606 | D:10     | Killed an unseen horror
 10606 | D:10     | Reached skill level 5 in Invocations
 10606 | D:10     | Reached XP level 11. HP: 35/61 MP: 16/27
 11144 | D:10     | Found a staircase to the Orcish Mines.
 11220 | D:10     | You fall through a shaft!
 11314 | D:11     | Found a flagged portal.
 11399 | D:11     | Noticed a white ugly thing
 11404 | D:11     | Mangled by a white ugly thing

Skill      XL: |  1  2  3  4  5  6  7  8  9 10 11 |
---------------+----------------------------------+-----
Conjurations   | 2 3 4 6 8 10 | 10.1
Spellcasting   | 4 6 9 10 | 10.0
Fire Magic     | 4 5 7 9 10 | 10.0
Fighting       | 4 |  4.1
Shields        | 4 |  4.2
Invocations    | 5 7 |  7.1
Dodging        | |  2.4
Stealth        | |  2.4

Action                   |  1- 3 |  4- 6 |  7- 9 | 10-12 || total
-------------------------+-------+-------+-------+-------++-------
Melee: Unarmed           |       |     2 |       |       ||     2
       Long sword        |       |       |     2 |       ||     2
       Dagger            |       |       |    43 |    53 ||    96
 Cast: Flame Tongue      |    69 |   107 |   196 |    66 ||   438
       Conjure Flame     |       |     2 |     3 |     1 ||     6
       Sticky Flame      |       |     1 |    18 |    31 ||    50
       Fireball          |       |       |    17 |    43 ||    60
Invok: Divine Energy     |       |       |     1 |       ||     1
Evoke: Wand              |       |       |       |     2 ||     2
  Use: Scroll            |       |     7 |     2 |     6 ||    15
 Stab: Sleeping          |       |       |     1 |     1 ||     2
  Eat: Chunk             |     1 |     6 |    18 |    10 ||    35
       Ration            |       |       |     1 |     3 ||     4
Armor: Robe              |     1 |     5 |    39 |    43 ||    88
Dodge: Dodged            |    20 |    35 |    85 |    76 ||   216
       Deflected         |       |     4 |     2 |     2 ||     8
Block: Buckler           |       |       |       |    11 ||    11
       Rpst.: Long sword |       |       |     1 |       ||     1
